 Dungeon Crawl Stone Soup version 0.26.1-2-gb8aa6d0cf2 (webtiles) character file.

Game seed: 4744688833555901719

621 McKennaii the Magician (level 7, -6/36 HPs)
             Began as a Deep Elf Conjurer on Mar 7, 2021.
             Shot with an arrow by a centaur (7 damage)
             ... on level 4 of the Dungeon.
             The game lasted 00:07:02 (5477 turns).

McKennaii the Magician (Deep Elf Conjurer)          Turns: 5477, Time: 00:07:02

Health: -6/36      AC:  5    Str:  4    XL:     7   Next: 22%
Magic:  17/19      EV: 13    Int: 25    God:
Gold:   244        SH:  0    Dex: 13    Spells: 4/20 levels left

rFire    . . .     SeeInvis .   (no weapon)
rCold    . . .     Faith    .   (no shield)
rNeg     . . .     Spirit   .   a - +0 robe
rPois    .         Reflect  .   t - +0 helmet
rElec    .         Harm     .   (no cloak)
rCorr    +         Rampage  .   n - +0 pair of gloves
Will     .....                  s - +0 pair of boots (curse)
Stlth    ++........             (no amulet)
HPRegen  0.12/turn              c - ring of resist corrosion
MPRegen  0.16/turn              d - ring of flight

@: very slightly contaminated, invisible
A: no striking features
a: Evoke Flight


You were on level 4 of the Dungeon.
You visited 1 branch of the dungeon, and saw 5 of its levels.

You collected 244 gold pieces.

Inventory:

Armour
 a - a +0 robe (worn)
 n - a +0 pair of gloves (worn)
 s - a cursed +0 pair of boots (worn)
 t - a +0 helmet (worn)
Jewellery
 c - a ring of resist corrosion (left hand)
 d - a ring of flight (right hand)
Scrolls
 b - a scroll of magic mapping
 e - a scroll of identify
 h - 2 scrolls of enchant weapon
 i - a scroll of enchant armour {unknown}
 j - 5 scrolls of remove curse {unknown}
 p - 2 scrolls of immolation {unknown}
 r - a scroll of amnesia {unknown}
Potions
 f - 6 potions of attraction
 k - 3 potions of might
 l - a potion of haste
 m - a potion of curing {unknown}
 o - 2 potions of lignification {unknown}
 q - a potion of degeneration {unknown}


   Skills:
 + Level 2.8 Dodging
 + Level 3.4 Stealth
 * Level 7.3 Spellcasting
 * Level 7.2 Conjurations
 * Level 1.0 Air Magic


You had 4 spell levels left.
You knew the following spells:

 Your Spells              Type           Power        Failure   Level
a - Magic Dart            Conj           100%         1%          1
b - Fulminant Prism       Conj/Hex       13%          14%         4
c - Iskenderun's Mystic   Conj/Tloc      27%          14%         4
d - Lightning Bolt        Conj/Air       15%          32%         5
e - Swiftness             Air            14%          6%          2

Your spell library contained the following spells:

 Spells                   Type           Power        Failure   Level
 Shock                    Conj/Air       100%         1%          1
 Searing Ray              Conj           90%          1%          2
 Static Discharge         Conj/Air       30%          3%          3
 Dazzling Flash           Conj/Hex       54%          4%          3
 Airstrike                Air            7%           38%         4


Dungeon Overview and Level Annotations

Branches:
Dungeon (5/15)
 Temple: D:4-7

Altars:
Kikubaaqudgha
Okawaru
Qazlal
Ru
Sif Muna
Yredelemnul


Message History

The quokka twitches its whiskers.
The centaur hits you!
* * * LOW HITPOINT WARNING * * *
Unknown command.
Unknown command.
You fade into invisibility!
The centaur hits you.
* * * LOW HITPOINT WARNING * * *
The quokka closely misses you.
You are very lightly contaminated with residual magic.
The centaur barely misses you. The quokka closely misses you.
The centaur barely misses you. The quokka barely misses you.
You climb upwards.
There is a stone staircase leading down here.
The centaur hits you.
* * * LOW HITPOINT WARNING * * *
The quokka misses you.
The centaur wields a +0 shortbow.
The centaur shoots an arrow.
The arrow barely misses the quokka.
The arrow hits you!
You die...

.# #.# .# ###.### .# #.....#
.# ###.#.# .# #.#.# .# #.#.#
.# ###### #.#.#
.#########....#######.#.#
................@r.c.>#.#
.#########....#######.#.#
.###############........#
.....#...#....##........#
...).....'..............#
#....#...#....#.........#
##########....#.........#
..................###.#.#####
###############.#.###.#.....#


You could see a centaur and a quokka.

Vanquished Creatures
  A phantom (D:4)
  An ogre (D:4)
  Blork the orc (D:4)
  A scorpion (D:5)
  A howler monkey (D:4)
  3 orc wizards
  An iguana (D:3)
  A worker ant (D:3)
  A gnoll (D:1)
  5 adders
  3 oozes
  4 worms
  2 dart slugs
  A leopard gecko (D:5)
  5 orcs
  3 giant cockroaches
  10 goblins
  3 hobgoblins
  8 jackals
  5 kobolds
  A quokka (D:2)
  3 ball pythons
  9 bats
  6 frilled lizards
  A leopard gecko skeleton (D:5)
  7 rats
  A spectral orc (D:3)
88 creatures vanquished.

Notes
Turn   | Place    | Note
-------+----------+-------------------------------------------
     0 | D:1      | McKennaii the Deep Elf Conjurer began the quest for the
                  | Orb.
     0 | D:1      | Reached XP level 1. HP: 10/10 MP: 6/6
   327 | D:1      | Reached XP level 2. HP: 15/15 MP: 6/8
   814 | D:1      | Reached skill level 5 in Conjurations
   967 | D:1      | Reached XP level 3. HP: 19/19 MP: 6/10
  1932 | D:2      | Found a sacrificial altar of Ru.
  1936 | D:2      | Reached XP level 4. HP: 23/24 MP: 8/12
  2399 | D:2      | Found an ancient bone altar of Kikubaaqudgha.
  2504 | D:2      | Found a shimmering blue altar of Sif Muna.
  2659 | D:3      | Found a stormy altar of Qazlal.
  2868 | D:3      | Reached skill level 5 in Spellcasting
  2868 | D:3      | Reached XP level 5. HP: 28/28 MP: 1/14
  3080 | D:3      | Found an iron altar of Okawaru.
  3544 | D:3      | Found a basalt altar of Yredelemnul.
  3702 | D:4      | Noticed an ogre
  3710 | D:4      | Killed an ogre
  3711 | D:4      | Reached XP level 6. HP: 32/32 MP: 8/16
  3716 | D:4      | Learned a level 4 spell: Fulminant Prism
  3721 | D:4      | Learned a level 4 spell: Iskenderun's Mystic Blast
  3727 | D:4      | Learned a level 5 spell: Lightning Bolt
  3730 | D:4      | Learned a level 2 spell: Swiftness
  3828 | D:4      | Noticed an orc warrior
  4670 | D:4      | Noticed Blork the orc
  4682 | D:4      | Killed Blork the orc
  5089 | D:5      | Entered Level 5 of the Dungeon
  5107 | D:5      | Reached skill level 1 in Air Magic
  5107 | D:5      | Reached XP level 7. HP: 29/36 MP: 6/19
  5473 | D:4      | HP: 1/36 [centaur (6)]
  5477 | D:4      | Shot with an arrow by a centaur

Illustrated notes

Levels and vault maps discovered:
D:1:      minmay_arrival_up_and_down, layout_basic, minmay_misc_feat_roman,
          minmay_tetromino_s2
D:2:      layout_loops_cross, nicolae_ru_great_annihilating_truth,
          lemuel_coloured_pillars_altar, lemuel_blue_sif_altar
D:3:      layout_basic, old_standard_altar, grunt_qazlal_sundering,
          yredelemnul_forgotten_temple_becter
D:4:      layout_basic, uniq_blork_the_orc
D:5:      layout_rooms, kennysheep_mini_moat, lemuel_round_altar,
          gammafunk_ghost_split, gup_sewer_entry_bowl, minmay_misc_feat_pillars

Skill      XL: |  1  2  3  4  5  6 |
---------------+-------------------+-----
Conjurations   | 5 6 7 |  7.2
Stealth        | 3 |  3.4
Spellcasting   | 4 5 7 |  7.3
Air Magic      | 1 |  1.0
Dodging        | |  2.8

Action                   |  1- 3 |  4- 6 |  7- 9 || total
-------------------------+-------+-------+-------++-------
Melee: Unarmed           |       |       |     2 ||     2
 Cast: Magic Dart        |    61 |   151 |    43 ||   255
  Use: Scroll            |       |       |     6 ||     6
       Potion            |       |       |     1 ||     1
Armor: Robe              |     1 |     4 |     6 ||    11
Dodge: Dodged            |     9 |    11 |    18 ||    38
